AoeStats
← RDA Ronan

African Clearing

506740556Analyzed
4v4 RM · 19d ago on Sep 14, 2026· 63m 9s· 8 players
Game mode
Random Map
Map size
Large (8 player)
Population
200
Speed
Normal
Resources
Standard
Victory
Conquest
Starting age
Dark Age
Ending age
Imperial Age
RankedLock teamsTeams togetherTeam positionsShared explorationLock speedFull tech treeHidden civsTurbo modeCheats
Victory
Defeat
🇲🇽 Wu · Mexico
1177
+17
🇲🇽 Huns · Mexico
1167
+18
🇨🇳 Persians · China
1147
+19
🇲🇽 Lithuanians · Mexico
1139
+19
🇦🇷 Cumans · Argentina
1249
-21
🇦🇷 Berbers · Argentina
1203
-18
🇦🇷 Mongols · Argentina
1202
-18
🇪🇸 Magyars · Spain
1159
-16
gerardovalher
3:32 Loom
13:22 Feudal Age
17:03 Forging
17:51 Bloodlines
17:51 Scale Barding Armor
18:38 Town Watch
22:11 Castle Age
22:14 Gold Mining
22:14 Double-Bit Axe
28:03 Husbandry
28:53 Iron Casting
29:10 Fervor
29:39 Wheelbarrow
31:13 Chain Barding Armor
36:13 Horse Collar
36:57 Stone Mining
41:55 Imperial Age
40:39 Hill Forts
41:00 Hand Cart
40:46 Town Patrol
43:08 Heavy Plow
43:59 Conscription
43:09 Cavalier
45:34 Plate Barding Armor
44:37 Paladin
46:28 Hoardings
49:22 Murder Holes
49:48 Ballistics
52:41 Masonry
53:32 Chemistry
53:29 Treadmill Crane
57:03 Architecture
61:31 Spies/Treason
64:04 Stone Shaft Mining
[ Wildpigs ] Carlofos
8:08 Loom
11:28 Feudal Age
13:17 Bloodlines
16:48 Loom
19:49 Wheelbarrow
22:27 Castle Age
21:00 Fletching
22:11 Gold Mining
22:04 Horse Collar
22:11 Double-Bit Axe
23:20 Padded Archer Armor
23:50 Husbandry
25:00 Thumb Ring
25:06 Town Watch
26:55 Bodkin Arrow
29:06 Ballistics
32:36 Bow Saw
34:43 Hand Cart
39:16 Imperial Age
38:40 Leather Archer Armor
40:22 Conscription
41:58 Cavalier
43:00 Heavy Plow
45:55 Scale Barding Armor
46:01 Forging
46:25 Atheism
48:24 Chain Barding Armor
53:44 Paladin
59:28 Plate Barding Armor
61:52 Iron Casting
63:07 Spies/Treason
[ Wildpigs ] Er
5:20 Loom
15:46 Feudal Age
20:42 Castle Age
20:09 Double-Bit Axe
36:27 Wheelbarrow
38:22 Hand Cart
40:18 Fletching
44:16 Imperial Age
42:42 Bodkin Arrow
44:04 Padded Archer Armor
43:55 Town Watch
44:59 Bracer
44:57 Elite Fire Archer
48:17 Leather Archer Armor
50:48 Ballistics
51:29 Chemistry
54:55 Conscription
56:37 Gold Mining
62:03 Town Patrol
61:56 Spies/Treason
雅硬雅重
15:00 Feudal Age
13:41 Loom
15:30 Feudal Age
19:24 Castle Age
18:48 Double-Bit Axe
18:45 Horse Collar
20:42 Bow Saw
21:53 Wheelbarrow
22:10 Heavy Plow
23:43 Gold Mining
28:39 Stone Mining
31:30 Gold Shaft Mining
32:28 Hand Cart
33:32 Ballistics
33:22 Masonry
33:23 Careening
33:11 Murder Holes
33:27 Masonry
33:25 Scale Barding Armor
33:30 Forging
33:53 Town Watch
34:14 Husbandry
34:25 Bloodlines
34:37 Forging
36:27 Stone Shaft Mining
38:25 Imperial Age
38:31 Imperial Age
39:10 Chain Barding Armor
39:26 Iron Casting
38:26 Capped Ram
40:09 Chemistry
39:39 Architecture
39:34 Conscription
40:43 Two-Man Saw
40:17 Crop Rotation
39:16 Heavy Camel Rider
41:32 Padded Archer Armor
41:22 Fletching
42:41 Town Patrol
43:13 Caravan
42:37 Pikeman
43:17 Squires
43:42 Elite Skirmisher
43:43 Crossbowman
44:28 Thumb Ring
47:36 Cavalier
48:25 Kamandaran
48:06 Halberdier
48:49 Scale Mail Armor
49:50 Blast Furnace
49:06 Leather Archer Armor
48:46 Bodkin Arrow
49:26 Plate Barding Armor
49:48 Siege Ram
51:06 Citadels
59:50 Spies/Treason
RDA Lurchoton
13:26 Feudal Age
12:20 Loom
14:25 Double-Bit Axe
15:52 Horse Collar
18:37 Castle Age
17:51 Forging
18:53 Bloodlines
19:26 Husbandry
19:15 Horse Collar
29:44 Wheelbarrow
29:51 Wheelbarrow
29:05 Town Watch
31:39 Scale Barding Armor
34:08 Town Patrol
37:25 Heavy Plow
39:10 Chain Barding Armor
42:21 Iron Casting
44:52 Imperial Age
42:51 Kasbah
43:07 Bow Saw
43:48 Hand Cart
44:59 Cavalier
45:00 Heavy Camel Rider
45:50 Thumb Ring
45:15 Elite Genitour
46:27 Crop Rotation
48:12 Plate Barding Armor
48:37 Blast Furnace
49:34 Blast Furnace
48:25 Fletching
48:36 Padded Archer Armor
48:59 Gold Mining
50:57 Gold Shaft Mining
50:33 Fletching
51:53 Conscription
55:38 Bodkin Arrow
RDA Ghosti
4:00 Loom
14:09 Feudal Age
16:17 Double-Bit Axe
19:19 Castle Age
17:56 Wheelbarrow
18:12 Gold Mining
20:56 Pikeman
22:35 Scale Barding Armor
22:41 Forging
23:05 Bloodlines
29:04 Chain Barding Armor
29:34 Iron Casting
30:32 Fletching
30:42 Padded Archer Armor
37:07 Horse Collar
38:23 Ballistics
39:37 Bodkin Arrow
41:03 Padded Archer Armor
41:33 Hand Cart
50:38 Scale Mail Armor
51:36 Elite Skirmisher
52:32 Leather Archer Armor
52:32 Chain Mail Armor
RDA | Karnage
10:28 Loom
13:51 Feudal Age
17:23 Bloodlines
18:03 Wheelbarrow
25:18 Scale Barding Armor
28:15 Castle Age
28:36 Double-Bit Axe
29:33 Chain Barding Armor
29:21 Light Cavalry
30:53 Husbandry
36:04 Horse Collar
40:48 Pikeman
48:24 Scale Mail Armor
RDA Ronan
8:15 Loom
13:40 Feudal Age
14:43 Double-Bit Axe
17:31 Castle Age
15:32 Horse Collar
19:10 Bow Saw
19:02 Pikeman
24:01 Town Watch
24:55 Heavy Plow
26:17 Wheelbarrow
29:34 Fletching
31:22 Bodkin Arrow
31:51 Hand Cart
33:07 Bloodlines
32:58 Husbandry
32:59 Gold Mining
33:00 Stone Mining
34:29 Coinage
37:02 Imperial Age
34:49 Padded Archer Armor
35:14 Ballistics
36:07 Gold Shaft Mining
37:41 Stone Shaft Mining
37:56 Husbandry
38:07 Bloodlines
39:00 Chemistry
38:02 Bracer
37:40 Capped Ram
38:52 Conscription
39:18 Leather Archer Armor
39:40 Elite Mangudai
41:24 Thumb Ring
41:46 Parthian Tactics
42:05 Town Patrol
43:00 Elite Genitour
44:28 Nomads
45:54 Drill
46:07 Coinage
47:29 Light Cavalry
48:20 Scale Barding Armor
48:26 Forging
48:49 Banking
48:16 Hussar
50:52 Chain Barding Armor
51:21 Iron Casting
53:50 Blast Furnace
Connection lost

Rejoining the realm…

Still unreachable

The connection could not be restored.

Session expired

The server has moved on; the page needs a fresh start.